Map: Para Site LE

Players

belhieg - Winner!

  • Race: Zerg Zerg
  • League: Gold
  • Spawn Location: 11:00

A.I. 1 (Very Easy)

  • Race: Terran Terran
  • Spawn Location: 5:00

VOD

Have the link to the VOD?

Description

Time

  • Played on: Nov. 28, 2018, 8:59 p.m.
  • Length: 8:45
Show
View Real Time Build Order
Export as new Build Order

belhieg Zerg - Winner!

Build Orders: Hatch First 

Get SALT Encoding   

  12  0:01  Drone  
  13  0:13  Overlord  
  13  0:17  Drone  
  14  0:31  Drone x2  
  16  0:51  Hatchery  
  16  0:53  Drone  
  16  0:57  Drone  
  17  1:08  Extractor  
  16  1:14  Spawning Pool  
  16  1:16  Drone  
  16  1:20  Drone  
  16  1:24  Drone  
  18  1:28  Drone  
  19  1:40  Overlord  
  19  1:49  Drone  
  20  2:02  Drone  
  20  2:04  Queen x2  
  20  2:07  Drone  
  26  2:11  Drone  
  27  2:16  Drone  
  28  2:34  Drone x2  
  28  2:37  Hatchery  
  29  2:40  Drone x2  
  31  2:45  Overlord  
  31  2:50  Overlord  
  31  2:54  Drone  
  31  2:57  Drone  
  33  3:05  Drone  
  34  3:07  Drone  
  35  3:13  Drone x3  
  35  3:15  Drone x3  
  41  3:20  Extractor  
  41  3:21  Drone x2, Extractor  
  41  3:35  Hatchery  
  41  3:40  Drone  
  41  3:41  Drone, Roach Warren  
  40  3:43  Drone  
  40  3:45  Drone  
  43  3:49  Queen  
  45  3:57  Drone x3  
  45  4:02  Drone x4  
  52  4:03  Drone  
  52  4:06  Overlord  
  53  4:10  Overlord  
  53  4:14  Queen  
  53  4:16  Drone  
  56  4:18  Drone  
  56  4:20  Drone  
  58  4:28  Drone x4  
  62  4:41  Drone x6  
  62  4:42  Drone  
  62  4:45  Overlord  
  69  4:49  Drone  
  69  4:52  Drone  
  71  5:04  Extractor x2  
  69  5:07  Drone  
  69  5:10  Roach  
  69  5:11  Roach x8  
  88  5:26  Overlord  
  88  5:27  Overlord x7  
  88  5:45  Roach x7  
  88  5:46  Roach x4  
  88  5:48  Overlord x2  
  110  6:02  Roach  
  110  6:03  Roach x10  
  110  6:04  Roach x2  
  136  6:05  Overlord  
  136  6:07  Overlord  
  136  6:13  Roach  
  136  6:14  Roach x3  
  136  6:16  Overlord  
  144  6:18  Overlord  
  144  6:37  Roach  
  144  6:38  Roach x10  
  166  6:46  Roach  
  172  6:47  Roach x4  
  172  6:48  Roach  
  172  6:49  Roach  
  172  6:54  Roach x3  
  182  6:56  Roach  
  182  6:59  Roach x2  
  194  7:01  Roach  
  194  7:02  Roach  
  194  7:04  Roach  
  198  7:19  Roach  
  200  7:50  Extractor  
Show
View Real Time Build Order
Export as new Build Order

A.I. 1 (Very Easy) Terran 

Build Orders:  

Get SALT Encoding   

  12  0:00  SCV  
  13  0:13  SCV  
  14  0:19  Supply Depot  
  14  0:37  Refinery  
  14  0:43  Barracks  
  14  1:04  Supply Depot  
  14  1:13  Refinery  
  14  1:29  Marine, SCV  
  16  1:41  SCV  
  17  1:53  SCV  
  18  2:01  Marine  
  19  2:05  SCV  
  20  2:17  SCV  
  21  2:29  SCV  
  22  2:32  Marine  
  23  2:43  Orbital Command  
  23  5:44  SCV  
  23  5:45  Marine  
  23  5:47  Supply Depot  
  23  5:49  Factory  
  25  6:08  SCV  
  26  6:12  Supply Depot  
  26  6:17  Barracks Tech Lab  
  26  6:20  SCV  
  27  6:32  SCV  
  27  6:35  Marauder  
  27  6:38  Starport  
  27  6:44  SCV  
  27  6:45  Command Center  
  28  7:06  Marine  
  29  7:14  Starport Tech Lab  
  29  7:35  Raven  
  31  7:37  Marine  
  32  7:58  SCV  
  33  8:06  Hellion  
  33  8:12  SCV  
  23  8:24  SCV  
Tags
 
League
Gold
Matchup
TvZ
Spawn Locations
Cross Positions
Add a new tag
Caveats
  • Supply blocks, unpowered buildings, or Contaminate may cause inaccurate times.
  • Supply counts are checked every 10 seconds.